 Dungeon Crawl Stone Soup version 0.28-a0-1374-ga75cb3825e (webtiles) character file.

Game seed: 766103351780419971

460 mtoz the Skirmisher (level 6, -2/56 HPs)
             Began as a Minotaur Berserker on Dec 31, 2021.
             Was a Believer of Trog.
             Slain by a yak (9 damage)
             ... on level 4 of the Dungeon.
             The game lasted 00:13:51 (3631 turns).

mtoz the Skirmisher (Minotaur Berserker)            Turns: 3631, Time: 00:13:52

Health: -2/56      AC:  6    Str: 23    XL:     6   Next: 78%
Magic:  5/5        EV: 12    Int:  4    God:    Trog [**....]
Gold:   1157       SH:  0    Dex: 12    Spells: 5/5 levels left

rFire   x . .      SeeInvis .   a - +0 hand axe
rCold   + . .      Faith    .   (no shield)
rNeg    . . .      Spirit   .   i - +0 ring mail
rPois   .          Reflect  .   (helmet restricted)
rElec   .          Harm     .   (no cloak)
rCorr   .          Rampage  .   (no gloves)
Will    ++...                   (no boots)
Stlth   +.........              (no amulet)
HPRegen 1.18/turn               c - ring "Kaucrer" {Ice Dex+2}
MPRegen 0.09/turn               (no ring)

@: strong-willed, on berserk cooldown, regenerating, slowed, very slow
A: horns 2, retaliatory headbutt
a: Renounce Religion, Berserk, Trog's Hand


You were on level 4 of the Dungeon.
You worshipped Trog.
Trog was pleased with you.
You visited 1 branch of the dungeon, and saw 5 of its levels.

You collected 1157 gold pieces.

Inventory:

Hand Weapons
 a - a +0 hand axe (weapon)
 h - a +0 trident
Armour
 i - a +0 ring mail (worn)
Jewellery
 c - the ring "Kaucrer" (left hand) {Ice Dex+2}
   (You found it on level 2 of the Dungeon)

   [ring of ice]

   It enhances your ice magic.
   Dex:       It affects your dexterity (+2).
   rF:        It makes you vulnerable to fire.
   rC:        It protects you from cold.
Scrolls
 e - a scroll of identify
 f - a scroll of fear
 k - 2 scrolls of teleportation {unknown}
Potions
 b - a potion of might {unknown}
 d - 2 potions of brilliance
 g - a potion of lignification {unknown}
 j - a potion of attraction {unknown}


   Skills:
 + Level 5.5 Fighting
 + Level 5.5 Axes
 + Level 4.8 Armour
 + Level 4.4 Dodging


You had 5 spell levels left.
You didn't know any spells.
Your spell library was empty.

Dungeon Overview and Level Annotations

Branches:
Dungeon (5/15)
 Temple: D:4-7

Altars:

Shops:
D:2 [   D:4 (=

Annotations:
D:3 1 runed translucent door, kibaces's ghost, amateur DsAK


Innate Abilities, Weirdness & Mutations

You have a pair of horns on your head.
You reflexively headbutt those who attack you in melee.


Message History

You slash the yak!
The yak is heavily wounded.
You slash the yak! The yak gores you but does no damage. The yak misses you.
You hit the yak.
The yak is severely wounded.
You hit the yak.
You feel the effects of Trog's Hand fading.
The yak misses you. The yak gores you!
You slash the yak!
The yak is almost dead.
You hit the yak. You closely miss the yak.
The yak is almost dead.
You hit the yak. The yak gores you!
* * * LOW HITPOINT WARNING * * *
The yak gores you.
* * * LOW HITPOINT WARNING * * *
You slash the yak!
You kill the yak!
Trog accepts your kill.
You barely miss the yak. The yak gores you.
* * * LOW HITPOINT WARNING * * *
You closely miss the yak. Your headbutt misses the yak.
The yak is heavily wounded.
You slash the yak!
The yak is almost dead.
You are no longer berserk.
You are exhausted.
You feel yourself slow down. The yak gores you!
* * * LOW HITPOINT WARNING * * *
Okay, then.
Okay, then.
Your skin stops crawling.
You feel less strong-willed. The yak gores you but does no damage.
Okay, then.
Your skin crawls.
You feel strong-willed. The yak gores you but does no damage.
The yak barely misses you. The yak gores you!
You die...

#.....# #.....#
#.....# #...#.#
#.###.# ### #.###.#
#<# #...#.# #.#
..########.#.# #.#
.......@Y..>.# #.#
##########...# #.#
#...# #.# ####...# #.#
#.
##########......####.#
#.#
#...............##...#
#.#
#.####...†....#.##.###
#.# #.#
#.#...........# #.#
#.# #.#.....##.####


You could see a yak.

Vanquished Creatures
  2 yaks
  A hound (D:4)
  3 adders
  A shadow imp (D:4)
  An ufetubus (D:4)
  An adder skeleton (D:4)
  3 worms
  2 dart slugs
  4 orcs (D:4)
  6 ball pythons
  8 endoplasms
  5 giant cockroaches (D:1)
  5 goblins
  2 hobgoblins
  5 kobolds
  3 quokkas (D:2)
  3 bats
  6 frilled lizards
  3 rats
64 creatures vanquished.

Notes
Turn   | Place    | Note
-------+----------+-------------------------------------------
     0 | D:1      | mtoz the Minotaur Berserker began the quest for the Orb.
     0 | D:1      | Reached XP level 1. HP: 19/19 MP: 0/0
   225 | D:1      | Reached XP level 2. HP: 27/27 MP: 1/1
   819 | D:2      | Reached XP level 3. HP: 24/33 MP: 2/2
   929 | D:2      | Found Efepnen's Armour Shop.
  1028 | D:2      | Identified a scroll of acquirement
  1028 | D:2      | Acquired 1031 gold pieces
  1121 | D:2      | Identified the ring "Kaucrer" {Ice Dex+2}
  1442 | D:2      | Reached ** piety under Trog
  2113 | D:3      | Noticed kibaces's ghost (amateur DsAK)
  2178 | D:3      | Found a runed translucent door.
  2315 | D:3      | Found a faded altar of an unknown god.
  2686 | D:3      | Reached XP level 4. HP: 13/41 MP: 3/3
  3106 | D:4      | Found Gyxtoshropho's Weapon Boutique.
  3491 | D:4      | Reached XP level 5. HP: 47/47 MP: 4/4
  3575 | D:4      | Found Alolis's Jewellery Shoppe.
  3596 | D:5      | Entered Level 5 of the Dungeon
  3602 | D:5      | Noticed a yak
  3602 | D:5      | Noticed a yak
  3602 | D:5      | Noticed a yak
  3602 | D:5      | Noticed a yak
  3617 | D:5      | Killed a yak
  3617 | D:5      | Noticed a yak
  3618 | D:5      | Reached skill level 5 in Fighting
  3618 | D:5      | Reached skill level 5 in Axes
  3618 | D:5      | Reached XP level 6. HP: 37/56 MP: 5/5
  3624 | D:4      | Killed a yak
  3626 | D:4      | HP: 1/56 [yak (8)]
  3631 | D:4      | Slain by a yak

Illustrated notes

Levels and vault maps discovered:
D:1:      lightli_arrival_quake, layout_loops_ring, minmay_worlds_worst_comb
D:2:      layout_loops_ring, serial_shops, shop
D:3:      layout_basic, hellmonk_ghost_happy_afterlife,
          shapermc_ecumenical_altar_pompeii, grunt_ministairs_7
D:4:      layout_basic, serial_shops, shop, nicolae_shop_bloodbath_and_beyond,
          chequers_serial_rivers_micro_b
D:5:      layout_basic

Skill      XL: |  1  2  3  4  5 |
---------------+----------------+-----
Fighting       | 4 5 |  5.5
Axes           | 4 5 |  5.5
Armour         | 3 4 |  4.8
Dodging        | 3 4 |  4.4

Action                   |  1- 3 |  4- 6 || total
-------------------------+-------+-------++-------
Melee: Hand axe          |    91 |    46 ||   137
       Headbutt          |    21 |    10 ||    31
Invok: Berserk           |     1 |     1 ||     2
       Trog's Hand       |       |     2 ||     2
  Use: Scroll            |     2 |     4 ||     6
 Stab: Sleeping          |     1 |       ||     1
Armor: Animal skin       |    16 |     2 ||    18
       Ring mail         |       |     9 ||     9
Dodge: Dodged            |    38 |    28 ||    66

Table legend: (Time is in decaauts)
 A = Elapsed time spent in this place.
 B = Non-inter-level travel time spent in this place.
 C = Inter-level travel time spent in this place.
 D = Time resting spent in this place.
 E = Time spent auto-exploring this place.
 F = Levels seen in this place.
 G = Mean time per level.
                   A        B        C        D        E       F      G
               +--------+--------+--------+--------+--------+-----+--------+
         Total |   3650 |   3534 |    116 |      0 |   3040 |   5 |  730.0 |
       Dungeon |   3650 |   3534 |    116 |      0 |   3040 |   5 |  730.0 |
               +--------+--------+--------+--------+--------+-----+--------+

Top non-repeatable levels by time:
     D:3: 1159 daAuts
     D:2: 1103 daAuts
     D:1: 804 daAuts
     D:4: 562 daAuts
     D:5: 21 daAuts
